 Dungeon Sprint DCSS version 0.22-a0-265-g0d8bc90 (webtiles) character file.

19439 Kidiri the Blocker (level 12, -2/85 HPs)
             Began as a Gargoyle Fighter on Mar 6, 2018.
             Was an Elder of Okawaru.
             Slain by a dire elephant (24 damage)
             ... called by a spriggan druid
             ... in the Dungeon (Sprint VII: "The Pits").
             The game lasted 00:16:02 (3485 turns).

Kidiri the Blocker (Gargoyle Fighter)               Turns: 3485, Time: 00:16:03

Health: -2/85      AC: 31    Str: 23      XL:     12   Next: 69%
Magic:  0/19       EV: 13    Int:  5 (9)  God:    Okawaru [****..]
Gold:   5          SH: 22    Dex: 11      Spells: 11/11 levels left

rFire    + + .     SeeInvis .   a - +2 mace (holy)
rCold    + + .     Gourm    .   c - +2 large shield {rPois}
rNeg     + . .     Faith    .   b - +3 plate armour {rF+}
rPois    ∞         Spirit   .   (no helmet)
rElec    +         Reflect  .   F - scarf {rC+ rF+}
rCorr    .         Harm     .   (no gloves)
MR       .....     NoTele   +   E - +0 pair of boots
Stlth    ..........             (no amulet)
HPRegen  0.24/turn              h - ring of protection from cold
MPRegen  0.16/turn              s - +3 ring of evasion

@: finesse
A: molten scales 1, blurry vision 1, negative energy resistance 1, electricity
resistance, unbreathing, petrification resistance, rot immunity, subdued magic
1, AC +8
a: Heroism, Renounce Religion


You were in the Dungeon.
You worshipped Okawaru.
Okawaru was greatly pleased with you.
You were very hungry.

You visited 1 branch You collected 5 gold pieces.

Inventory:

Hand Weapons
 a - a +2 mace of holy wrath (weapon)
 v - a +0 blowgun
Missiles
 l - 14 stones (quivered)
 w - 10 curare-tipped needles
 x - 8 needles of sleeping
 G - 5 steel javelins
Armour
 b - a +3 plate armour of fire resistance (worn)
 c - a +2 large shield of poison resistance (worn)
 u - a +0 cloak
 E - a +0 pair of boots (worn)
 F - a scarf of resistance (worn)
Jewellery
 h - a ring of protection from cold (left hand)
 r - a +3 ring of intelligence
 s - a +3 ring of evasion (right hand)
 z - an uncursed ring of see invisible
Wands
 q - a wand of polymorph (17)
Scrolls
 k - 2 scrolls of blinking
 n - 4 scrolls of remove curse
 o - 5 scrolls of amnesia
 p - a scroll of summoning
 y - 3 scrolls of fear
 A - a scroll of fog
 B - 2 scrolls of enchant armour
 C - 2 scrolls of enchant weapon
Potions
 d - 4 potions of might
 e - 5 potions of curing
 g - 2 potions of heal wounds
 i - a potion of magic
 j - 2 potions of berserk rage
 m - 2 potions of invisibility
 t - 2 potions of brilliance
 D - 2 potions of haste
Comestibles
 f - 10 rations


   Skills:
 * Level 14.1 Fighting
 * Level 12.9 Maces & Flails
 + Level 8.2 Throwing
 * Level 14.0 Armour
 * Level 10.9 Dodging
 + Level 10.7 Stealth
 * Level 14.2 Shields
 + Level 10.0 Invocations


You had 11 spell levels left.
You didn't know any spells.

Dungeon Overview and Level Annotations

Branches:
Dungeon (1/1)

Altars:
Ashenzari
Cheibriados
Dithmenos
Elyvilon
Fedhas
Gozag
Hepliaklqana
Kikubaaqudgha
Makhleb
Nemelex Xobeh
Okawaru
Qazlal
Ru
Sif Muna
Trog
Uskayaw
Vehumet
Wu Jian
Xom
Yredelemnul
Zin
The Shining One
Beogh
Jiyva
Lugonu

Annotations:
D exclusions: 15 doors and 13 more exclusions


Innate Abilities, Weirdness & Mutations

You are resistant to torment.
Your stone body is resilient. (AC +8)
You are immune to poison.
You resist negative energy. (rN+)
You are resistant to electric shocks. (rElec)
You can survive without breathing.
You are immune to petrification.
You are immune to rotting.
You are partially covered in molten scales. (AC +2)
Scrolls take you a little longer to read.
Your spells are a little easier to cast, but a little less powerful.


Message History

You thump something! Something hits you!
You feel dopey. Something hits you but does no damage.
You block something's attack.
You block the dire elephant's attack. x2
You hit something. You thump something!
You feel you are being watched by something.
You feel your power leaking away.
Something hits you but does no damage. x2
Something stings you but does no damage.
You closely miss something.
The jumping spider leaps!
The dire elephant tramples you.
You hold your ground!
You block the dire elephant's attack.
You hit something but do no damage.
You feel you are being watched by something.
Something hits you. Something hits you but does no damage.
Something stings you.
* * * LOW HITPOINT WARNING * * *
You hit something. The dire elephant tramples you!!
You die...

#..#....#..#
+..........#
+..........#
#..#....#..#
#..........+
#..........+
###D'####''#
###sh####''############
#..hY{@##..............
#.#s##Y##).............
#.#)[f.##.)############
#.3t[#.##..#
#.#)|'.##..#
###########.+|[#.##..#
.....##..##.##+#.##..#
.....##..##. ..##..#
.....''..# #..#


You could see 2 dire elephants, a swamp dragon, a wandering mushroom, a jumping
spider, a redback and 2 wolves.

Vanquished Creatures
  A death cob (D)
  A storm dragon (D)
  A deep elf sorcerer (D)
  A ghost moth (D)
  An emperor scorpion (D)
  A naga warrior (D)
  Sonja (D)
  A spriggan druid (D)
  2 unseen horrors (D)
  A lindwurm (D)
  An orc knight (D)
  A salamander (D)
  A manticore (D)
  2 elephants (D)
  2 smoke demons (D)
  2 molten gargoyles (D)
  2 gargoyles (D)
  An orange demon (D)
  2 demonic crawlers (D)
  A guardian mummy (D)
  5 blink frogs (D)
  A bog body (D)
  7 dream sheep (D)
  A snapping turtle (D)
  An air elemental (D)
  A ynoxinul (D)
  2 redbacks (D)
  A tarantella (D)
  A wyvern (D)
  A basilisk (D)
  A fire elemental (D)
  2 neqoxecs (D)
  A warg (D)
  A naga (D)
  A soldier ant (D)
  2 orc warriors (D)
  A wolf (D)
  2 ogres (D)
  A centaur (D)
  A bullfrog (D)
  A gnoll sergeant (D)
  A scorpion (D)
  3 wights (D)
  An orc priest (D)
  A gnoll shaman (D)
  An iron imp (D)
  An orc wizard (D)
  7 gnolls (D)
  A river rat (D)
  2 white imps (D)
  2 oozes (D)
  A worm (D)
  2 leopard geckos (D)
  4 orcs (D)
  A ball python (D)
  A bat skeleton (D)
  3 goblins (D)
  2 hobgoblins (D)
  4 jackals (D)
  A quokka (D)
  A frilled lizard (D)
  2 kobolds (D)
  A leopard gecko skeleton (D)
104 creatures vanquished.

Vanquished Creatures (others)
  A warg (D)
1 creature vanquished.

Grand Total: 105 creatures vanquished

Notes
Turn   | Place    | Note
-------+----------+-------------------------------------------
     0 | D        | Kidiri the Gargoyle Fighter began the quest for the Orb.
     0 | D        | Reached XP level 1. HP: 14/14 MP: 1/1
    34 | D        | Found a bloodstained altar of Trog.
    34 | D        | Found a deep blue altar of Sif Muna.
    34 | D        | Found a viscous altar of Jiyva.
    34 | D        | Found a hazy altar of Hepliaklqana.
    34 | D        | Found an opulent altar of Gozag.
    35 | D        | Found a glowing golden altar of the Shining One.
    35 | D        | Found a glowing silver altar of Zin.
    35 | D        | Found a basalt altar of Yredelemnul.
    35 | D        | Found a shimmering altar of Xom.
    35 | D        | Found an ornate altar of the Wu Jian Council.
    35 | D        | Found a sacrificial altar of Ru.
    35 | D        | Found a stormy altar of Qazlal.
    35 | D        | Found an iron altar of Okawaru.
    35 | D        | Found a sparkling altar of Nemelex Xobeh.
    35 | D        | Found a burning altar of Makhleb.
    35 | D        | Found a blossoming altar of Fedhas.
    35 | D        | Found a white marble altar of Elyvilon.
    35 | D        | Found a shadowy altar of Dithmenos.
    35 | D        | Found a snail-covered altar of Cheibriados.
    37 | D        | Found a radiant altar of Vehumet.
    37 | D        | Found a corrupted altar of Lugonu.
    37 | D        | Found a roughly hewn altar of Beogh.
    38 | D        | Found a hide-covered altar of Uskayaw.
    38 | D        | Found an ancient bone altar of Kikubaaqudgha.
    38 | D        | Found a shattered altar of Ashenzari.
    43 | D        | Became a worshipper of Warmaster Okawaru
    98 | D        | Reached XP level 2. HP: 20/20 MP: 2/2
   207 | D        | Reached skill level 1 in Dodging
   210 | D        | Reached skill level 1 in Stealth
   210 | D        | Reached skill level 1 in Invocations
   309 | D        | Reached XP level 3. HP: 24/24 MP: 3/3
   320 | D        | Reached skill level 1 in Throwing
   418 | D        | Reached XP level 4. HP: 30/30 MP: 3/5
   495 | D        | Reached skill level 5 in Fighting
   495 | D        | Reached skill level 5 in Armour
   495 | D        | Reached skill level 5 in Shields
   511 | D        | Reached * piety under Okawaru
   511 | D        | Reached XP level 5. HP: 18/35 MP: 6/6
   662 | D        | Noticed an ogre
   674 | D        | Killed an ogre
   674 | D        | Reached skill level 5 in Maces & Flails
   694 | D        | Noticed a dream sheep
   699 | D        | Killed a dream sheep
   699 | D        | Reached ** piety under Okawaru
   699 | D        | Reached XP level 6. HP: 44/44 MP: 5/8
   741 | D        | Reached XP level 7. HP: 42/48 MP: 9/9
   804 | D        | Noticed an elephant
   804 | D        | Noticed a manticore
   844 | D        | Killed a manticore
   844 | D        | Reached *** piety under Okawaru
   844 | D        | Reached skill level 5 in Dodging
   844 | D        | Reached skill level 5 in Stealth
   844 | D        | Reached skill level 5 in Invocations
   844 | D        | Reached XP level 8. HP: 38/54 MP: 9/11
   865 | D        | Killed an elephant
   904 | D        | Gained mutation: You are frail. (-10% HP) [potion of mutation]
   904 | D        | Gained mutation: You possess an exceptional clarity of mind. [potion of mutation]
  1022 | D        | Noticed a molten gargoyle
  1022 | D        | Noticed a gargoyle
  1030 | D        | Killed a molten gargoyle
  1039 | D        | Killed a gargoyle
  1039 | D        | Reached **** piety under Okawaru
  1039 | D        | Received a gift from Okawaru
  1039 | D        | Reached XP level 9. HP: 32/54 MP: 11/13
  1386 | D        | Noticed Sonja
  1392 | D        | Killed Sonja
  1392 | D        | Reached skill level 10 in Fighting
  1392 | D        | Reached skill level 5 in Throwing
  1392 | D        | Reached skill level 10 in Armour
  1392 | D        | Reached skill level 10 in Shields
  1399 | D        | Killed an unseen horror
  1399 | D        | Reached ***** piety under Okawaru
  1420 | D        | Noticed a smoke demon
  1431 | D        | Killed a smoke demon
  1431 | D        | Reached XP level 10. HP: 57/61 MP: 15/15
  1462 | D        | Noticed an orange demon
  1462 | D        | Noticed a gargoyle
  1480 | D        | Killed a gargoyle
  1487 | D        | Killed an orange demon
  1487 | D        | Received a gift from Okawaru
  1528 | D        | Noticed a lindwurm
  1542 | D        | Killed a lindwurm
  1557 | D        | Reached skill level 10 in Maces & Flails
  1736 | D        | Noticed an emperor scorpion
  1785 | D        | Reached XP level 11. HP: 60/67 MP: 11/17
  1866 | D        | Killed an emperor scorpion
  2152 | D        | Killed an unseen horror
  2437 | D        | Lost mutation: You are frail. (-10% HP) [potion of mutation]
  2437 | D        | Lost mutation: You possess an exceptional clarity of mind. [potion of mutation]
  2437 | D        | Gained mutation: Scrolls take you a little longer to read. [potion of mutation]
  2437 | D        | Gained mutation: Your spells are a little easier to cast, but a little less powerful. [potion of mutation]
  2437 | D        | Gained mutation: You are partially covered in molten scales. (AC +2) [potion of mutation]
  2632 | D        | Noticed an orc knight
  2679 | D        | Killed an orc knight
  2739 | D        | Noticed a death cob
  2757 | D        | Killed a death cob
  2757 | D        | Received a gift from Okawaru
  2757 | D        | Reached skill level 10 in Dodging
  2954 | D        | Noticed a naga warrior
  2954 | D        | Noticed a salamander
  2982 | D        | Killed a naga warrior
  2982 | D        | Received a gift from Okawaru
  2982 | D        | Reached XP level 12. HP: 79/84 MP: 11/18
  2986 | D        | Reached skill level 10 in Stealth
  3300 | D        | Noticed a storm dragon
  3300 | D        | Noticed a deep elf sorcerer
  3350 | D        | Killed a ghost moth
  3369 | D        | Killed a storm dragon
  3388 | D        | Killed a deep elf sorcerer
  3405 | D        | Noticed a dire elephant
  3416 | D        | Noticed a dire elephant
  3444 | D        | Reached skill level 10 in Invocations
  3485 | D        | Slain by a dire elephant

Vault maps used:
D:        pitsprint

Skill      XL: |  1  2  3  4  5  6  7  8  9 10 11 12 |
---------------+-------------------------------------+-----
Dodging        | 1 2 3 4 5 6 7 8 10 | 10.9
Fighting       | 4 5 7 8 9 10 11 13 14 | 14.1
Armour         | 4 5 6 7 8 9 10 11 13 14 | 14.0
Stealth        | 1 2 3 4 5 6 7 8 9 10 | 10.7
Invocations    | 1 2 3 5 6 7 8 9 10 | 10.0
Shields        | 4 5 7 8 9 10 11 13 14 | 14.2
Maces & Flails | 3 4 5 6 7 8 9 10 12 | 12.9
Throwing       | 1 2 3 4 5 6 7 8 |  8.2

Action                   |  1- 3 |  4- 6 |  7- 9 | 10-12 || total
-------------------------+-------+-------+-------+-------++-------
Melee: Mace              |    46 |    86 |   111 |   667 ||   910
       Flail             |     6 |       |       |       ||     6
Invok: Heroism           |       |     3 |     6 |    15 ||    24
       Finesse           |       |       |       |    14 ||    14
  Use: Potion            |       |     2 |     5 |    16 ||    23
  Eat: Chunk             |       |       |     1 |     4 ||     5
       Ration            |       |       |     1 |       ||     1
Armor: Scale mail        |    18 |       |       |       ||    18
       Plate armour      |     4 |    48 |    61 |   262 ||   375
Dodge: Dodged            |     8 |    12 |    41 |   166 ||   227
Block: Shield            |    27 |    48 |    58 |     8 ||   141
       Large shield      |       |       |       |   648 ||   648

Table legend:
 A = Spawn XP
 B = Non-spawn XP
 C = Spawn XP percentage of total XP
 D = Spawn monster count
 E = Non-spawn monster count
 F = Spawn count percentage of total count
 G = Total turns spent on level
                    A         B        C        D         E        F      G
               +---------+---------+-------+---------+---------+-------+---------
         Total |       0 |   27770 |   0.0 |       0 |     104 |   0.0 |  3485
               +---------+---------+-------+---------+---------+-------+---------
             D |       0 |   27770 |   0.0 |       0 |     104 |   0.0 |  3485
               +---------+---------+-------+---------+---------+-------+---------
